 Seeded DCSS version 0.30-a0-596-g0af90f9a20 (webtiles) character file.

Game seed: 11958781473241049316 (custom seed)

2254 Juicyj the Fighter (level 9, -40/80 (81) HPs)
             Began as a Minotaur Fighter on Jan 6, 2023.
             Was an Initiate of Gozag.
             Killed by an exploding killer bee (41 damage)
             ... ignited by their inner flame
             ... on level 7 of the Dungeon.
             The game lasted 00:05:42 (5648 turns).

Juicyj the Fighter (Minotaur Fighter)               Turns: 5648, Time: 00:05:43

HP:   -40/80 (81)   AC:  8    Str: 20    XL:     9   Next: 15%
MP:   8/8           EV:  9    Int:  5    God:    Gozag
Gold: 457           SH:  6    Dex: 15    Spells: 8/8 levels left

rFire   . . .      SeeInvis +    a - +0 trident
rCold   . . .      Faith    .    c - +0 buckler
rNeg    . . .      Spirit   .    b - +0 scale mail
rPois   .          Reflect  .    (helmet restricted)
rElec   .          Harm     .    (no cloak)
rCorr   +          Rampage  .    (no gloves)
Will    .....                    (no boots) Stlth
                                 (no amulet)
HPRegen 0.33/turn                u - ring of see invisible
MPRegen 0.11/turn                i - ring of resist corrosion

@: lethally poisoned (-40 -> -44), gold aura, lightly drained
A: horns 2, retaliatory headbutt, MP-powered wands
a: Renounce Religion, Potion Petition, Call Merchant, Bribe Branch


You were on level 7 of the Dungeon.
You worshipped Gozag.
Gozag was aware of your devotion.
You visited 2 branches of the dungeon, and saw 8 of its levels.

You collected 588 gold pieces.
You paid 131 gold pieces to Gozag.

Inventory:

Hand Weapons
 a - a +0 trident (weapon)
 k - a +1 sling of draining
Missiles
 g - a throwing net (quivered)
Armour
 b - a +0 scale mail (worn)
 c - a +0 buckler (worn)
Jewellery
 h - a +5 ring of evasion
 i - a ring of resist corrosion (right hand)
 l - a ring of wizardry
 u - a ring of see invisible (left hand)
 v - a ring of ice
Scrolls
 j - a scroll of fear
 n - 2 scrolls of magic mapping
 p - 2 scrolls of teleportation
Potions
 d - 2 potions of might
 e - 3 potions of heal wounds
 m - a potion of curing
 o - a potion of attraction
 r - a potion of brilliance


   Skills:
 + Level 8.2 Fighting
 + Level 7.7 Polearms
 + Level 8.1 Armour
 + Level 8.1 Shields


You had 8 spell levels left.
You didn't know any spells.
Your spell library contained the following spells:

 Spells                   Type           Power      Damage    Failure   Level
 Ensorcelled Hibernation  Hex/Ice        0%         N/A       94%         2
 Spider Form              Tmut/Pois      0%         N/A       99%         3
 Stone Arrow              Conj/Erth      0%         3d7       99%         3
 Anguish                  Hex/Necr       0%         N/A       100%        4
 Animate Armour           Summ/Erth      0%         N/A       100%        4
 Lehudib's Crystal Spear  Conj/Erth      0%         10d2      100%        8


Dungeon Overview and Level Annotations

Branches:
Dungeon (7/15)             Temple (1/1) D:6

Altars:
Dithmenos
Fedhas
Gozag
Hepliaklqana
Kikubaaqudgha
Makhleb
Ru
Sif Muna
Trog
Vehumet
Wu Jian
Xom
Zin

Shops:
D:5 [


Innate Abilities, Weirdness & Mutations

You have a pair of horns on your head.
You reflexively headbutt those who attack you in melee.
You expend magic power (3 MP) to strengthen your wands.


Message History

The killer bee is no longer distracted by gold.
You block the killer bee's attack.
The orc wizard is distracted by your dazzling golden aura.
The killer bee stings you.
You feel sick.
An orc comes into view. It is wielding a +0 flail.
The killer bee is distracted by your dazzling golden aura.
The killer bee stings you but does no damage. x2
You miss the killer bee.
The killer bee is lightly wounded.
You feel sick.
The orc wizard is no longer distracted by gold.
You block the killer bee's attack. The killer bee barely misses you.
You furiously retaliate!
You headbutt the killer bee!
Flame seeps out of the killer bee.
The wight hits you from afar with a +0 trident.
* * * LOW HITPOINT WARNING * * *
You feel drained.
* * * LOW HITPOINT WARNING * * *
The killer bee is engulfed in blazing flames.
Flame seeps out of the killer bee.
The killer bee barely misses you. You furiously retaliate!
You headbutt the killer bee.
The killer bee explodes!
The fiery explosion engulfs the orc!
The fiery explosion engulfs the killer bee!!
The fiery explosion engulfs the wight!!
The fiery explosion engulfs you!!
* * * LOW HITPOINT WARNING * * *
The wight explodes!
The fiery explosion engulfs the wight!
Flame seeps out of the wight.
The wight is severely damaged.
The fiery explosion engulfs the wight!!
The wight explodes!
The fiery explosion engulfs the wight!!
The wight explodes!
The fiery explosion engulfs the wight!!
The wight explodes!
The killer bee explodes!
The fiery explosion engulfs you!!!
Ouch! That really hurt!
You die...
Your body crumbles into a pile of gold.

#..... #..... #.....
####.....
..###########......#
#.........o....######
#.######..###...######
#..§§§...## ###.......
####§@.### ########
#○#.# §§§#.# .§§§§#o#
.$.[§§§#.. $...#y..o.
)$..##.#### $.. #o


You could see a killer bee (inner flame, fleeing), 2 orc wizards and 2 orcs.

Vanquished Creatures
  Menkaure (D:7)
  2 ice beasts
  A black bear (D:5)
  An orc warrior (D:6)
  2 centaurs
  3 ogres
  A phantom (D:5)
  A bullfrog (D:6)
  A necrophage (D:5)
  4 scorpions
  6 wights
  4 killer bees (D:7)
  A vampire bat (D:3)
  5 hounds
  A jelly (D:6)
  3 iguanas
  5 orc wizards
  2 adders
  7 gnolls
  A white imp (D:6)
  2 ufetubi
  A worm (D:2)
  4 dart slugs
  3 fire bats (D:3)
  26 orcs
  2 spectral bats (D:3)
  5 ball pythons
  3 bat skeletons (D:3)
  A bat zombie (D:3)
  4 endoplasms
  2 giant cockroaches
  12 goblins
  7 hobgoblins
  9 kobolds
  6 quokkas
  15 bats
  A bat simulacrum (D:3)
  2 frilled lizards (D:1)
  2 rats
159 creatures vanquished.

Notes
Turn   | Place    | Note
-------+----------+-------------------------------------------
     0 | D:1      | Juicyj the Minotaur Fighter began the quest for the Orb.
     0 | D:1      | Reached XP level 1. HP: 19/19 MP: 0/0
    50 | D:1      | Reached XP level 2. HP: 27/27 MP: 1/1
   720 | D:2      | Reached XP level 3. HP: 33/33 MP: 2/2
  1250 | D:2      | Reached XP level 4. HP: 41/41 MP: 3/3
  1820 | D:3      | Reached XP level 5. HP: 37/47 MP: 4/4
  1899 | D:3      | Reached skill level 5 in Fighting
  1899 | D:3      | Reached skill level 5 in Armour
  1899 | D:3      | Reached skill level 5 in Shields
  2392 | D:3      | Reached XP level 6. HP: 50/56 MP: 5/5
  3038 | D:4      | Reached skill level 5 in Polearms
  3140 | D:4      | Reached XP level 7. HP: 36/62 MP: 6/6
  3625 | D:5      | Entered Level 5 of the Dungeon
  3733 | D:5      | Found Moore's Dragon-Slaying Spoils.
  3879 | D:5      | Reached XP level 8. HP: 63/71 MP: 7/7
  4389 | D:5      | Gained mutation: You expend magic power (3 MP) to
                  | strengthen your wands. [potion of mutation]
  4452 | D:6      | Found a staircase to the Ecumenical Temple.
  4481 | Temple   | Entered the Ecumenical Temple
  4554 | Temple   | Became a worshipper of Gozag Ym Sagoz the Greedy
  5309 | D:7      | Reached XP level 9. HP: 60/81 MP: 8/8
  5383 | D:7      | Noticed Menkaure
  5388 | D:7      | Killed Menkaure
  5648 | D:7      | HP: 1/80 [spore (20)]
  5648 | D:7      | Killed by an exploding killer bee... ignited by their inner
                  | flame

Illustrated notes

Levels and vault maps discovered:
D:1:      lightli_arrival_chessboard, layout_loops_ring
D:2:      layout_loops_cross, kennysheep_crisscross
D:3:      minmay_wonky_spiral, layout_basic, chequers_serial_rivers_small_b,
          goddamned_bats
D:4:      layout_loops_ring
D:5:      layout_rooms, nicolae_shop_dragon_depot
D:6:      layout_cave_pools, minmay_temple_entry_mini_moons
D:7:      layout_rooms, uniq_menkaure
Temple:   compressed_dpeg_circular_temple

Skill      XL: |  1  2  3  4  5  6  7  8  9 |
---------------+----------------------------+-----
Fighting       | 4 5 6 8 |  8.2
Armour         | 4 5 6 7 8 |  8.1
Shields        | 4 5 6 7 8 |  8.1
Polearms       | 3 4 5 6 7 |  7.7

Action                   |  1- 3 |  4- 6 |  7- 9 || total
-------------------------+-------+-------+-------++-------
Melee: Trident           |    83 |   121 |   230 ||   434
       Headbutt          |     8 |    15 |    40 ||    63
  Use: Scroll            |     4 |     7 |     8 ||    19
       Potion            |       |     2 |     3 ||     5
 Stab: Distracted        |       |       |     1 ||     1
Armor: Scale mail        |    20 |    28 |    80 ||   128
Dodge: Dodged            |    28 |    75 |    75 ||   178
Block: Buckler           |    11 |    20 |    47 ||    78

Table legend: (Time is in decaauts)
 A = Elapsed time spent in this place.
 B = Non-inter-level travel time spent in this place.
 C = Inter-level travel time spent in this place.
 D = Time resting spent in this place.
 E = Time spent auto-exploring this place.
 F = Levels seen in this place.
 G = Mean time per level.
                   A        B        C        D        E       F      G
               +--------+--------+--------+--------+--------+-----+--------+
         Total |   5669 |   5490 |    179 |    379 |   4168 |   8 |  708.6 |
       Dungeon |   5577 |   5398 |    179 |    379 |   4116 |   7 |  796.7 |
        Temple |     91 |     91 |      0 |      0 |     52 |   1 |   91.0 |
               +--------+--------+--------+--------+--------+-----+--------+

Top non-repeatable levels by time:
     D:3: 1404 daAuts
     D:4: 813 daAuts
     D:5: 784 daAuts
     D:6: 774 daAuts
     D:2: 758 daAuts
     D:1: 670 daAuts
     D:7: 372 daAuts
  Temple: 91 daAuts
